 Dungeon Crawl Stone Soup version 0.31-a0-237-g2d982f9f85 (webtiles) character file.

Game seed: 7769421954590377580

1095 qw the Skirmisher (level 8, 0/49 HPs)
             Began as a Gargoyle Hexslinger on July 11, 2023.
             Was an Initiate of Okawaru.
             Slain by a steam dragon (5 damage)
             ... on level 5 of the Dungeon.
             The game lasted 00:01:53 (4090 turns).

qw the Skirmisher (Gargoyle Hexslinger)             Turns: 4090, Time: 00:01:53

Health: 0/49       AC: 12    Str: 13    XL:     8   Next: 31%
Magic:  9/9        EV: 10    Int: 13    God:    Okawaru [......]
Gold:   285        SH:  0    Dex: 14    Spells: 8/9 levels left

rFire   . . .        Y - +1 sling
rCold   . . .        (no shield)
rNeg    + . .        e - +0 ring mail
rPois   inf          (no helmet)
rElec   +            (no cloak)
rCorr   .            h - +0 pair of gloves
SInv    .            (no boots)
Will    .....        (no amulet)
Stlth   +            g - +4 ring of slaying {mikee}
HPRegen 0.28/turn    (no ring)
MPRegen 0.11/turn

%: no passive effects
@: about to teleport
A: sickness immunity, AC +5, negative energy resistance 1, electricity
resistance, torment resistance 1, petrification resistance
a: Renounce Religion


You were on level 5 of the Dungeon.
You worshipped Okawaru.
Okawaru was noncommittal.
You visited 2 branches of the dungeon, and saw 6 of its levels.

You collected 285 gold pieces.


Innate Abilities, Weirdness & Mutations

You are immune to sickness and miasma.
Your stone body is resilient. (AC +5)
You are immune to poison.
You resist negative energy. (rN+)
You are resistant to electric shocks. (rElec)
You are resistant to unholy torment.
You are immune to petrification.


   Skills:
 - Level 5.1 Fighting
 + Level 8.2 Ranged Weapons
 - Level 2.1 Armour
 - Level 1.5 Dodging
 - Level 1.0 Spellcasting
 - Level 2.6 Hexes


You had 8 spell levels left.
You knew the following spells:

 Your Spells              Type           Power      Damage    Failure   Level
a - Slow                  Hex            28%        N/A       21%         1

Your spell library contained the following spells:

 Spells                   Type           Power      Damage    Failure   Level
 Inner Flame              Hex/Fire       4%         N/A       71%         3
 Portal Projectile        Hex/Tloc       8%         N/A       71%         3
 Cause Fear               Hex            3%         N/A       89%         4

Inventory:

Hand Weapons
 Y - a +1 sling (weapon)
Armour
 e - a +0 ring mail (worn)
 h - a +0 pair of gloves (worn)
Jewellery
 b - a ring of fire
 g - a +4 ring of slaying (left hand) {mikee}
Scrolls
 d - a scroll of identify
Potions
 a - a potion of enlightenment
 c - a potion of heal wounds
 k - a potion of attraction {unknown}
 l - a potion of might {unknown}

Dungeon Overview and Level Annotations

Branches:
Dungeon (5/15)             Temple (1/1) D:5

Altars:
Ashenzari
Cheibriados
Dithmenos
Elyvilon
Fedhas
Gozag
Kikubaaqudgha
Makhleb
Nemelex Xobeh
Okawaru
Qazlal
Ru
Trog
Vehumet
Wu Jian
Xom
Yredelemnul
Zin
The Shining One

Annotations:
D:4 3 runed translucent doors, qw's ghost, weakling GrHs


Message History

4084 ||| Stepping ~*~*~tactically~*~*~ (cloud).
A nearby fungus withers and dies.
The fungus is engulfed in a cloud of scalding steam.
You shoot a sling bullet. The sling bullet hits the steam dragon!
The steam dragon is severely wounded.
You are engulfed in a cloud of scalding steam.
The steam dragon breathes steam at you. The ball of steam hits you!
You shoot a sling bullet. The sling bullet hits the steam dragon.
The steam dragon is severely wounded.
A nearby fungus withers and dies. x2
You shoot a sling bullet.
The sling bullet hits the steam dragon but does no damage.
The steam dragon is severely wounded.
The steam dragon breathes steam at you. The ball of steam misses you.
You shoot a sling bullet.
The sling bullet closely misses the steam dragon.
You are engulfed in a cloud of scalding steam.
The fungus is engulfed in a cloud of scalding steam.
The fungus begins to die.
The fungus is engulfed in a cloud of scalding steam.
The fungus begins to die.
The steam dragon bites you. The steam dragon claws you.
The steam dragon breathes steam at you. The ball of steam hits you!
You shoot a sling bullet.
The sling bullet barely misses the steam dragon.
You are engulfed in a cloud of scalding steam.
The fungus is engulfed in a cloud of scalding steam. x2
The steam dragon bites you but does no damage.
The steam dragon claws you but does no damage.
The steam dragon barely misses you. The steam dragon closely misses you.
4090 ||| READING scroll of teleportation.
As you read the scroll of teleportation, it crumbles to dust.
You feel strangely unstable.
You are engulfed in a cloud of scalding steam.
The steam dragon bites you but does no damage.
The steam dragon closely misses you. The steam dragon bites you.
You die...

#.##....# #~.P##
#...# ## #.##..>.#
#..P#.######.### ##
###.##.....
#~.~#..........#
....#
#¤.~#.#......#.#####
########
##..#........#......
#....#.#
#P.#......#.#......
#(##.#.#.#
#.¤##..##.#...#'###
#.##.#.#.#
#~¤P#...#.#####.#
#.##.#.#.#
#.@.##........#.###
#.##.#.#.#
#DD.##........#....
#.##.#.#.#
#..~#..<......#####
###.#.<#.#.#
#...###.......##...
.........#.# #...#
#.......##...
###...)....# ....P
#............
###......#
P~.$..##...###......
#.####.#
.....P.##### #......
#####.# #.#~~..(.~P#
#......


You could see 2 steam dragons.

Vanquished Creatures
  A black bear (D:4)
  An ogre (D:3)
  A phantom (D:4)
  A scorpion (D:5)
  A howler monkey (D:4)
  4 hounds
  2 jellies
  An orc priest (D:3)
  Jessica (D:3)
  4 iguanas (D:5)
  3 orc wizards
  Natasha (D:3)
  11 gnolls
  10 adders
  2 white imps (D:5)
  An ufetubus (D:4)
  3 dart slugs
  A worm (D:3)
  8 orcs
  7 ball pythons
  4 bats
  5 endoplasms
  6 giant cockroaches
  5 goblins
  8 hobgoblins
  3 jackals (D:2)
  8 kobolds
  A quokka (D:2)
  2 frilled lizards
  8 rats
114 creatures vanquished.

Notes
Turn   | Place    | Note
-------+----------+-------------------------------------------
     0 | D:1      | qw the Gargoyle Hexslinger began the quest for the Orb.
     0 | D:1      | Reached XP level 1. HP: 12/12 MP: 2/2
     0 | D:1      | 0 ||| qw: Version: 0.3-a-52-g30416fa
     0 | D:1      | 0 ||| qw: Game counter: 5574
     0 | D:1      | 0 ||| qw: Melee chars always use a shield: true
     0 | D:1      | 0 ||| qw: God list: Okawaru
     0 | D:1      | 0 ||| qw: Allow faded altars: false
     0 | D:1      | 0 ||| qw: Do Orc after clearing Dungeon:15 true
     0 | D:1      | 0 ||| qw: Do second Lair branch before Depths: true
     0 | D:1      | 0 ||| qw: Lair rune preference: random
     0 | D:1      | 0 ||| qw: Goals: Normal
     0 | D:1      | 0 ||| PLANNING D:1-11
   186 | D:1      | Reached XP level 2. HP: 16/16 MP: 3/3
   263 | D:1      | Found a faded altar of an unknown god.
   326 | D:1      | Reached skill level 3 in Ranged Weapons
   758 | D:1      | 758 ||| UPGRADING to +0 ring mail.
   768 | D:1      | 768 ||| DROPPING +0 robe.
   769 | D:1      | 769 ||| UPGRADING to +0 pair of gloves.
   774 | D:1      | 774 ||| UPGRADING to +4 ring of slaying {mikee}.
   775 | D:1      | 775 ||| READING 2 scrolls labelled AGEREI AGGE.
   776 | D:1      | 776 ||| READING scroll labelled OGRAATS FEAREE.
   777 | D:1      | 777 ||| DROPPING scroll of amnesia.
   778 | D:1      | 778 ||| DROPPING scroll of poison.
   817 | D:2      | Reached XP level 3. HP: 21/21 MP: 4/4
   904 | D:2      | Reached skill level 1 in Armour
  1138 | D:2      | Reached XP level 4. HP: 26/26 MP: 5/5
  1278 | D:2      | Reached skill level 4 in Ranged Weapons
  1362 | D:2      | 1362 ||| Stepping ~*~*~tactically~*~*~ (outnumbered).
  1440 | D:2      | 1440 ||| READING scroll labelled PAATOL DOXZE.
  1443 | D:2      | 1443 ||| DRINKING 2 black potions.
  1454 | D:3      | 1454 ||| STAIRDANCE
  1525 | D:3      | 1525 ||| STAIRDANCE
  1531 | D:2      | Reached XP level 5. HP: 24/30 MP: 6/6
  1559 | D:3      | 1559 ||| STAIRDANCE
  1638 | D:3      | 1638 ||| STAIRDANCE
  1641 | D:2      | HP: 5/30 [orc/+0 club (3)]
  1642 | D:2      | 1642 ||| DRINKING potion of heal wounds.
  1652 | D:2      | Reached skill level 5 in Ranged Weapons
  1734 | D:3      | 1734 ||| STAIRDANCE
  1835 | D:3      | Noticed Jessica
  1841 | D:3      | Noticed an ogre
  1848 | D:3      | Killed an ogre
  1849 | D:3      | Reached XP level 6. HP: 33/38 MP: 7/7
  1856 | D:3      | Killed Jessica
  2114 | D:3      | Noticed Natasha
  2115 | D:3      | 2115 ||| Stepping ~*~*~tactically~*~*~ (outnumbered).
  2124 | D:3      | Killed Natasha
  2169 | D:3      | 2169 ||| READING scroll labelled LYESIBB FYUVUU.
  2170 | D:3      | 2170 ||| READING scroll labelled KUSMAB XINWA.
  2171 | D:3      | 2171 ||| READING scroll labelled DUZONI GAHAVUV.
  2248 | D:4      | Reached skill level 6 in Ranged Weapons
  2248 | D:4      | Reached XP level 7. HP: 43/43 MP: 8/8
  2288 | D:4      | Found a runed translucent gate.
  2289 | D:4      | Found a runed translucent gate.
  2290 | D:4      | Found a runed translucent gate.
  2292 | D:4      | Noticed qw's ghost (weakling GrHs)
  2297 | D:4      | Identified the -1 buckler of Fashionability {rElec rF+
                  | Int+2}
  2736 | D:4      | Found a glowing golden altar of the Shining One.
  2755 | D:4      | Reached skill level 7 in Ranged Weapons
  2940 | D:4      | 2940 ||| READING scroll labelled VUDOKE BOSKY.
  2941 | D:4      | 2941 ||| READING 2 scrolls of identify.
  2941 | D:4      | 2941 ||| IDENTIFYING viscous cyan potion
  2962 | D:5      | Entered Level 5 of the Dungeon
  2966 | D:5      | 2966 ||| STAIRDANCE
  3047 | D:5      | 3047 ||| STAIRDANCE
  3293 | D:5      | 3293 ||| Stepping ~*~*~tactically~*~*~ (outnumbered).
  3307 | D:5      | Reached skill level 8 in Ranged Weapons
  3312 | D:5      | Reached XP level 8. HP: 42/48 MP: 9/9
  3506 | D:5      | 3506 ||| FLEEEEING.
  3510 | D:5      | 3510 ||| FLEEEEING.
  3511 | D:5      | 3511 ||| FLEEEEING.
  3833 | D:5      | Found a staircase to the Ecumenical Temple.
  3834 | D:5      | 3834 ||| PLANNING TEMPLE
  3834 | D:5      | 3834 ||| READING scroll labelled NYSADO HOCIELI.
  3835 | D:5      | 3835 ||| READING 2 scrolls of identify.
  3835 | D:5      | 3835 ||| IDENTIFYING viscous emerald potion
  3836 | D:5      | 3836 ||| DROPPING potion of brilliance.
  3856 | D:5      | Noticed a yak
  3856 | D:5      | Noticed a yak
  3857 | D:5      | Noticed a yak
  3860 | Temple   | Entered the Ecumenical Temple
  3881 | Temple   | 3881 ||| PLANNING OKAWARU WORSHIP
  4020 | Temple   | Became a worshipper of Warmaster Okawaru
  4021 | Temple   | 4021 ||| PLANNING D:1-11
  4043 | D:5      | Noticed a yak
  4081 | D:5      | 4081 ||| Stepping ~*~*~tactically~*~*~ (cloud).
  4084 | D:5      | 4084 ||| Stepping ~*~*~tactically~*~*~ (cloud).
  4089 | D:5      | HP: 5/49 [steam dragon] (9)]
  4090 | D:5      | 4090 ||| READING scroll of teleportation.
  4090 | D:5      | Slain by a steam dragon

Levels and vault maps discovered:
D:1:      dpeg_arrival_radiant, layout_loops_ring,
          hellmonk_ecumenical_altar_zigzags, nrook_campfire, minmay_pentomino_r4
D:2:      layout_basic
D:3:      layout_rooms, minmay_circle_x, uniq_natasha, uniq_jessica
D:4:      layout_basic, mainiacjoe_overflow_24_doors, gammafunk_ghost_necromancy
D:5:      kennysheep_steamy, layout_basic, temple_doors_e
Temple:   regret_index_temple_mists

Skill      XL: |  1  2  3  4  5  6  7  8 |
---------------+-------------------------+-----
Ranged Weapons | 3 4 5 6 8 |  8.2
Fighting       | 2 4 5 |  5.1
Armour         | 1 2 |  2.1
Dodging        | |  1.5
Spellcasting   | |  1.0
Hexes          | |  2.6

Action                     |  1- 3 |  4- 6 |  7- 9 || total
---------------------------+-------+-------+-------++-------
   Fire: Sling             |    92 |   139 |   192 ||   423
    Use: Scroll            |     2 |     4 |     5 ||    11
         Potion            |       |     2 |       ||     2
 Armour: Robe              |     6 |       |       ||     6
         Ring mail         |     4 |    81 |   106 ||   191
  Dodge: Dodged            |    12 |    75 |    93 ||   180

Table legend:
 A = Non-vault XP
 B = Vault XP
 C = Vault XP percentage of total XP
 D = Non-vault monster count
 E = Vault monster count
 F = Vault count percentage of total count
                 A         B        C        D         E       F
            +---------+---------+-------+---------+---------+-------
      Total |    1352 |     213 |  13.6 |     105 |       9 |   7.9
            +---------+---------+-------+---------+---------+-------
        D:1 |      29 |       4 |  12.1 |      18 |       2 |  10.0
        D:2 |     155 |       0 |   0.0 |      34 |       0 |   0.0
        D:3 |      84 |     209 |  71.3 |      10 |       7 |  41.2
        D:4 |     515 |       0 |   0.0 |      18 |       0 |   0.0
        D:5 |     569 |       0 |   0.0 |      25 |       0 |   0.0
            +---------+---------+-------+---------+---------+-------
